 Dungeon Crawl Stone Soup version 0.22-a0-284-g99d1f74 (webtiles) character file.

10274 GizzardofKazz the Fencer (level 11, -3/82 HPs)
             Began as a Minotaur Berserker on Mar 21, 2018.
             Was the Champion of Trog.
             Slain by a yak (11 damage)
             ... on level 10 of the Dungeon.
             The game lasted 00:28:41 (9553 turns).

GizzardofKazz the Fencer (Minotaur Berserker)       Turns: 9553, Time: 00:28:42

Health: -3/82      AC: 15    Str: 22    XL:     11   Next: 34%
Magic:  10/10      EV:  7    Int:  4    God:    Trog [******]
Gold:   529        SH:  0    Dex: 13    Spells: 10/10 levels left

rFire    . . .     SeeInvis .   H - +2 long sword of Trog's Whim {slice, rPois}
rCold    . . .     Gourm    .   (no shield)
rNeg     . . .     Faith    +   f - +0 plate armour
rPois    +         Spirit   .   (helmet restricted)
rElec    .         Reflect  .   E - +0 cloak
rCorr    .         Harm     .   v - +1 pair of gloves
MR       ++...                  z - +0 pair of boots
Stlth    ..........             D - amulet of faith
HPRegen  1.23/turn              C - ring of stealth
MPRegen  0.12/turn              (no ring)

@: berserk cooldown, very slightly contaminated, regenerating, slowed,
invisible, very slow
A: retaliatory headbutt, horns 2
a: Berserk, Trog's Hand, Brothers in Arms, Renounce Religion


You were on level 10 of the Dungeon.
You worshipped Trog.
Trog was exalted by your worship.
You were very hungry.

You visited 1 branch of the dungeon, and saw 10 of its levels.

You collected 529 gold pieces.

Inventory:

Hand Weapons
 j - a +4 long sword
 y - a +2 falchion of draining
 H - the +2 long sword of Trog's Whim (weapon) {slice, rPois}
   (You found it on level 10 of the Dungeon)

   It inflicts extra damage upon your enemies.
   It protects you from poison.
Armour
 f - a +0 plate armour (worn)
 u - a +0 chain mail of fire resistance
 v - a +1 pair of gloves (worn)
 z - a +0 pair of boots (worn)
 E - a +0 cloak (worn)
Jewellery
 A - an uncursed ring of fire
 C - a ring of stealth (left hand)
 D - an amulet of faith (around neck)
Scrolls
 a - a scroll of fear {unknown}
 b - 3 scrolls of magic mapping
 e - 6 scrolls of teleportation
 g - 6 scrolls of remove curse
 i - a scroll of noise {unknown}
 l - 2 scrolls of fog {unknown}
 m - a scroll of silence {unknown}
 r - 3 scrolls of enchant armour
 w - 2 scrolls of enchant weapon
 x - a scroll of holy word {unknown}
 B - a scroll of random uselessness {unknown}
Potions
 d - 3 potions of agility {unknown}
 h - 3 potions of invisibility
 k - 4 potions of curing {unknown}
 n - a potion of experience {unknown}
 o - 2 potions of resistance {unknown}
 p - 3 potions of flight {unknown}
 q - 5 potions of brilliance {unknown}
 t - 2 potions of heal wounds {unknown}
 F - a potion of haste
 G - a potion of mutation {unknown}
Comestibles
 c - 22 rations
 s - a chunk of flesh


   Skills:
 - Level 3.6 Fighting
 + Level 19.5 Long Blades
 - Level 2.4 Armour
 - Level 2.1 Dodging


You had 10 spell levels left.
You didn't know any spells.

Dungeon Overview and Level Annotations

Branches:
Dungeon (10/15)            Temple (0/1) D:4             Orc (0/2) D:9
   Lair: D:8-11

Altars:
Ashenzari
Gozag
Nemelex Xobeh
Sif Muna
Trog
Yredelemnul
The Shining One

Shops:
D:8 =   D:9 [


Innate Abilities, Weirdness & Mutations

You reflexively headbutt those who attack you in melee.
You have a pair of horns on your head.


Message History

You slash the crocodile!
The crocodile is severely wounded.
The yak gores you.
* * * LOW HITPOINT WARNING * * *
The crocodile barely misses you.
You fade into invisibility!
The yak gores you.
* * * LOW HITPOINT WARNING * * *
The yak gores you.
* * * LOW HITPOINT WARNING * * *
The orc throws a poisoned tomahawk.
The poisoned tomahawk hits the yak!
The yak looks as sick as possible!
The crocodile bites you but does no damage.
The yak closely misses you. x2; You furiously retaliate!
You headbutt the yak!
The orc throws a poisoned tomahawk.
The poisoned tomahawk hits the yak.
The yak looks as sick as possible!
You are very lightly contaminated with residual magic.
The crocodile bites you but does no damage.
The yak gores you!
You die...

## ##...## .## ##.....##
..# #...?...# (.#
#.......# ..# #.......#
.## #.....# ## #.†.###
######+#######'##.####...
................@to.OY...
................YY####...
.....................
######+#######+##.#### ##
### .## ..# ..# ..#


You could see 3 yaks, a crocodile, an ogre and an orc.

Vanquished Creatures
  Harold (D:10)
  A centaur warrior (D:8)
  A two-headed ogre (D:9)
  The ghost of GizzardofKazz the Fencer, a novice MiBe of Trog (D:9)
  3 hippogriffs
  A spriggan (D:8)
  Eustachio (D:4)
  A wyvern (D:10)
  A yak (D:10)
  A basilisk (D:10)
  Menkaure (D:4)
  2 water moccasins
  3 orc warriors (D:9)
  A swamp drake (D:9)
  2 black bears (D:7)
  Duvessa (D:4)
  3 ice beasts
  4 sky beasts
  2 phantoms
  4 ogres
  6 centaurs
  A crocodile (D:10)
  2 big kobolds (D:9)
  5 bullfrogs
  Dowan (D:4)
  4 scorpions
  11 killer bees
  A howler monkey (D:8)
  5 wights (D:6)
  2 crimson imps
  2 centaur zombies
  2 quasits
  3 bullfrog zombies
  6 jellies
  6 hounds
  6 orc priests
  13 orc wizards
  A bullfrog skeleton (D:10)
  Jessica (D:3)
  Ijyb (D:4)
  7 iguanas
  10 worker ants
  A worker ant zombie (D:7)
  Robin (D:2)
  11 gnolls
  7 adders
  2 worms
  An adder skeleton (D:7)
  An adder zombie (D:5)
  2 dart slugs
  7 leopard geckos
  37 orcs
  3 giant cockroaches
  12 goblins
  11 hobgoblins
  7 jackals
  4 quokkas
  6 bats
  2 frilled lizards (D:10)
  17 kobolds
  A leopard gecko skeleton (D:8)
  2 quokka skeletons
  A quokka zombie (D:9)
  6 rats
273 creatures vanquished.

Notes
Turn   | Place    | Note
-------+----------+-------------------------------------------
     0 | D:1      | GizzardofKazz the Minotaur Berserker began the quest for the Orb.
     0 | D:1      | Reached XP level 1. HP: 19/19 MP: 0/0
   111 | D:1      | Reached skill level 4 in Long Blades
   359 | D:1      | Reached XP level 2. HP: 26/26 MP: 1/1
   971 | D:2      | Reached skill level 5 in Long Blades
  1012 | D:2      | Reached XP level 3. HP: 27/31 MP: 2/2
  1245 | D:2      | Reached ** piety under Trog
  1299 | D:2      | Noticed Robin
  1310 | D:2      | Killed Robin
  1310 | D:2      | Reached skill level 6 in Long Blades
  1310 | D:2      | Reached XP level 4. HP: 39/39 MP: 3/3
  1623 | D:3      | Reached skill level 7 in Long Blades
  1623 | D:3      | Reached XP level 5. HP: 39/45 MP: 4/4
  1930 | D:3      | Found a bloodstained altar of Trog.
  1937 | D:3      | Reached skill level 8 in Long Blades
  1937 | D:3      | Reached XP level 6. HP: 51/51 MP: 5/5
  1987 | D:3      | Noticed Jessica
  1991 | D:3      | Killed Jessica
  2658 | D:4      | Noticed Menkaure
  2664 | D:4      | Killed Menkaure
  2664 | D:4      | Reached skill level 9 in Long Blades
  2810 | D:4      | Found a sparkling altar of Nemelex Xobeh.
  2813 | D:4      | Found a staircase to the Ecumenical Temple.
  2824 | D:4      | Noticed Eustachio
  2840 | D:4      | Killed Eustachio
  2840 | D:4      | Reached skill level 10 in Long Blades
  2840 | D:4      | Reached XP level 7. HP: 57/57 MP: 6/6
  3034 | D:4      | Reached *** piety under Trog
  3046 | D:4      | Noticed Ijyb
  3052 | D:4      | Killed Ijyb
  3056 | D:4      | Found a glowing golden altar of the Shining One.
  3127 | D:4      | Noticed Duvessa
  3129 | D:4      | Noticed Dowan
  3132 | D:4      | Killed Duvessa
  3135 | D:4      | Killed Dowan
  3226 | D:4      | Found a basalt altar of Yredelemnul.
  3286 | D:4      | Reached skill level 11 in Long Blades
  3375 | D:5      | Entered Level 5 of the Dungeon
  3551 | D:5      | Found a shattered altar of Ashenzari.
  3588 | D:5      | Found a deep blue altar of Sif Muna.
  3669 | D:5      | Reached XP level 8. HP: 64/64 MP: 7/7
  3927 | D:6      | HP: 3/96 [iguana (7)]
  3928 | D:6      | Reached skill level 12 in Long Blades
  3928 | D:6      | HP: 1/96 [iguana (2)]
  4389 | D:6      | Reached skill level 13 in Long Blades
  4783 | D:6      | Found an opulent altar of Gozag.
  5117 | D:7      | Reached XP level 9. HP: 70/70 MP: 8/8
  5189 | D:7      | Reached skill level 14 in Long Blades
  5471 | D:7      | Reached **** piety under Trog
  6005 | D:7      | Reached skill level 15 in Long Blades
  6360 | D:8      | Found Guppooc's Jewellery Boutique.
  6589 | D:8      | Reached skill level 16 in Long Blades
  6805 | D:8      | Noticed a centaur warrior
  6816 | D:8      | Killed a centaur warrior
  6816 | D:8      | Reached XP level 10. HP: 77/77 MP: 9/9
  6817 | D:8      | Reached ***** piety under Trog
  7000 | D:8      | Reached skill level 17 in Long Blades
  7857 | D:9      | Found Ibbufum's Armour Emporium.
  8211 | D:9      | Noticed GizzardofKazz's ghost (novice MiBe)
  8236 | D:9      | Killed GizzardofKazz's ghost
  8236 | D:9      | Reached skill level 18 in Long Blades
  8555 | D:9      | Noticed a two-headed ogre
  8563 | D:9      | Killed a two-headed ogre
  8843 | D:9      | Reached XP level 11. HP: 60/82 MP: 10/10
  8966 | D:9      | Found a staircase to the Orcish Mines.
  9266 | D:10     | Entered Level 10 of the Dungeon
  9304 | D:10     | Reached skill level 19 in Long Blades
  9383 | D:10     | Reached ****** piety under Trog
  9494 | D:10     | Got a bloodstained long sword
  9495 | D:10     | Identified the +2 long sword of Trog's Whim {slice, rPois} (You found it on level 10 of the Dungeon)
  9522 | D:10     | Noticed Harold
  9541 | D:10     | Killed Harold
  9553 | D:10     | Slain by a yak

Vault maps used:
D:1:      dpeg_arrival_line_fractal
D:2:      uniq_robin
D:3:      old_standard_altar, uniq_jessica
D:4:      kennysheep_little_box, nemelex_xobeh_ov_fountains_minmay,
          nicolae_tso_carved_into_rock, temple_statues, first_ration,
          uniq_duvessa, uniq_eustachio, uniq_menkaure, uniq_ijyb
D:5:      evilmike_ruin_ashenzari, led_sif_pool
D:6:      lemuel_coloured_pillars_altar
D:8:      wad_arrow_thing, serial_shops, shop, the_bakery
D:9:      erik_orc_1, serial_shops, nicolae_shop_behind_doors
D:10:     kennysheep_six_static_rooms, david_lair_generic, minmay_lizard_king,
          uniq_harold

Skill      XL: |  1  2  3  4  5  6  7  8  9 10 11 |
---------------+----------------------------------+-----
Long Blades    | 4 5 6 7 8 10 11 13 16 18 19 | 19.5
Fighting       | |  3.6
Armour         | |  2.4
Dodging        | |  2.1

Action                   |  1- 3 |  4- 6 |  7- 9 | 10-12 || total
-------------------------+-------+-------+-------+-------++-------
Melee: Falchion          |    64 |    96 |   103 |       ||   263
       Headbutt          |    17 |    18 |    61 |    72 ||   168
       Long sword        |       |       |   179 |   317 ||   496
Invok: Berserk           |     1 |     2 |     9 |     4 ||    16
       Trog's Hand       |     1 |       |     1 |     2 ||     4
  Use: Scroll            |       |       |     9 |       ||     9
       Potion            |       |       |       |     1 ||     1
  Eat: Chunk             |     1 |     6 |    16 |    13 ||    36
       Ration            |       |       |     2 |       ||     2
Armor: Animal skin       |     3 |       |       |       ||     3
       Ring mail         |     7 |       |       |       ||     7
       Chain mail        |    19 |    26 |    64 |       ||   109
       Plate armour      |       |       |    49 |   182 ||   231
Dodge: Dodged            |    40 |    34 |    72 |   104 ||   250
       Rpst.: Falchion   |    13 |     9 |     8 |       ||    30
       Long sword        |       |       |    12 |    27 ||    39

Table legend:
 A = Spawn XP
 B = Non-spawn XP
 C = Spawn XP percentage of total XP
 D = Spawn monster count
 E = Non-spawn monster count
 F = Spawn count percentage of total count
 G = Total turns spent on level
                    A         B        C        D         E        F      G
               +---------+---------+-------+---------+---------+-------+---------
         Total |       0 |   14678 |   0.0 |       0 |     273 |   0.0 |  9553
               +---------+---------+-------+---------+---------+-------+---------
           D:1 |       0 |      33 |   0.0 |       0 |      18 |   0.0 |   967
           D:2 |       0 |      74 |   0.0 |       0 |      26 |   0.0 |   632
           D:3 |       0 |     397 |   0.0 |       0 |      34 |   0.0 |  1000
           D:4 |       0 |     756 |   0.0 |       0 |      12 |   0.0 |   776
           D:5 |       0 |     176 |   0.0 |       0 |       7 |   0.0 |   403
           D:6 |       0 |    1300 |   0.0 |       0 |      21 |   0.0 |  1334
           D:7 |       0 |    1410 |   0.0 |       0 |      34 |   0.0 |  1202
           D:8 |       0 |    3316 |   0.0 |       0 |      39 |   0.0 |   945
           D:9 |       0 |    4244 |   0.0 |       0 |      57 |   0.0 |  2007
          D:10 |       0 |    2972 |   0.0 |       0 |      25 |   0.0 |   287
               +---------+---------+-------+---------+---------+-------+---------
